 Dungeon Crawl Stone Soup version 0.23.2-1-ga50397a (webtiles) character file.

Game seed: 13624613214130526455

1589 diana the Twirler (level 8, -3/62 HPs)
             Began as a Demonspawn Gladiator on May 21, 2019.
             Slain by an orc warrior
             ... wielding a +3 vampiric war axe
              (15 damage)
             ... on level 6 of the Dungeon.
             The game lasted 00:05:20 (5407 turns).

diana the Twirler (Demonspawn Gladiator)            Turns: 5407, Time: 00:05:21

Health: -3/62      AC: 10    Str: 17    XL:     8   Next: 61%
Magic:  8/8        EV: 15    Int:  9    God:
Gold:   369        SH:  0    Dex: 20    Spells: 7/7 levels left

rFire    . . .     SeeInvis .   a - +0 quarterstaff
rCold    . . .     Gourm    .   (shield currently unavailable)
rNeg     . . .     Faith    .   t - +0 chain mail
rPois    .         Spirit   .   (helmet unavailable)
rElec    .         Reflect  .   r - +0 cloak
rCorr    .         Harm     .   (no gloves)
MR       .....                  (no boots)
Stlth    +.........             (no amulet)
HPRegen  0.20/turn              o - ring of stealth
MPRegen  0.11/turn              (no ring)

@: agile
A: horns 3, powered by death 1, powered by pain 1
a: no special abilities


You were on level 6 of the Dungeon.
You were near starving.

You visited 1 branch of the dungeon, and saw 6 of its levels.

You collected 369 gold pieces.

Inventory:

Hand Weapons
 a - a +0 quarterstaff (weapon)
Missiles
 d - 3 throwing nets (quivered)
Armour
 b - a +0 leather armour
 c - a +0 helmet
 h - a scarf of resistance
 r - a +0 cloak (worn)
 t - a +0 chain mail (worn)
 x - a +0 plate armour
Jewellery
 o - a ring of stealth (left hand)
 u - an uncursed ring of ice {unknown}
Wands
 v - a wand of polymorph (7)
 C - a wand of random effects (13)
 D - a wand of flame (12)
Scrolls
 e - 5 scrolls of remove curse {unknown}
 g - 2 scrolls of amnesia {unknown}
 i - 6 scrolls of identify
 j - a scroll of random uselessness {unknown}
 l - 4 scrolls of teleportation
 n - 2 scrolls of enchant armour {unknown}
 s - a scroll of fog {unknown}
 w - 3 scrolls of noise {unknown}
 y - a scroll of enchant weapon {unknown}
 B - a scroll of vulnerability {unknown}
Potions
 k - 3 potions of degeneration {unknown}
 m - 2 potions of heal wounds {unknown}
 p - 3 potions of resistance {unknown}
 q - a potion of invisibility {unknown}
 z - a potion of curing {unknown}
 A - a potion of cancellation {unknown}
Comestibles
 f - 10 rations


   Skills:
 + Level 5.2 Fighting
 * Level 6.9 Staves
 - Level 1.7 Throwing
 + Level 4.2 Armour
 + Level 5.1 Dodging


You had 7 spell levels left.
You didn't know any spells.
Your spell library contained the following spells:

 Spells                   Type           Power        Failure   Level  Hunger
 Flame Tongue             Conj/Fire      #....        99%         1    ##.....
 Throw Flame              Conj/Fire      #.....       100%        2    ###....
 Conjure Flame            Conj/Fire      #.......     100%        3    ####...
 Inner Flame              Hex/Fire       #.......     100%        3    ####...
 Sticky Flame             Conj/Fire      #.......     100%        4    #####..
 Fireball                 Conj/Fire      #.........   100%        5    ######.


Dungeon Overview and Level Annotations

Branches:
Dungeon (6/15)
 Temple: D:4-7

Altars:
Ashenzari
Hepliaklqana
Makhleb
Nemelex Xobeh
Uskayaw
Vehumet
Wu Jian
Zin

Shops:
D:4 %

Annotations:
D:3 Grinder, Purgy
D:6 Menkaure


Innate Abilities, Weirdness & Mutations

You have a pair of large horns on your head.
You regenerate a little health from kills.
You sometimes gain a little power by taking damage.


Message History

The killer bee zombie hits you but does no damage.
You barely miss the killer bee zombie. You headbutt the killer bee zombie.
You destroy the killer bee zombie!
You hit the orc warrior but do no damage.
You headbutt the orc warrior!
The orc warrior is moderately wounded.
The orc warrior hits you with a +3 vampiric war axe.
You hit the orc warrior.
The orc warrior is heavily wounded.
The orc warrior hits you with a +3 vampiric war axe!!
* * * LOW HITPOINT WARNING * * *
You focus on the pain.
You feel agile all of a sudden.
You hit the orc warrior but do no damage.
You headbutt the orc warrior.
The orc warrior is severely wounded.
You closely miss the orc warrior. Your headbutt misses the orc warrior.
The orc warrior is severely wounded.
The orc warrior hits you with a +3 vampiric war axe!
You die...

#.#.#. #....
#.#.## #....###
# .........
####.##....#...
.......o..##..#
#o# #..# #@#
#.(# ..# #.#
#..##..# #. .#
#.####..##..#
#. .#
#...........#
#. .#
######..##.##
#.#. #..##.###
#... ##..รท...#
#.M#
#......####.
#..#
#....(......


You could see an orc warrior and an orc.

Vanquished Creatures
  Prince Ribbit (D:6)
  Sigmund (D:2)
  Edmund (D:4)
  A sky beast (D:5)
  3 ogres
  A phantom (D:6)
  A centaur (D:5)
  A scorpion (D:6)
  2 crimson imps (D:5)
  A bullfrog zombie (D:5)
  A bullfrog skeleton (D:6)
  An orc priest (D:4)
  4 orc wizards
  Jessica (D:3)
  Ijyb (D:5)
  Terence (D:3)
  2 worker ants
  A killer bee zombie (D:6)
  A hound skeleton (D:4)
  Robin (D:3)
  3 gnolls (D:2)
  A shadow imp (D:6)
  2 worms
  3 dart slugs
  2 leopard geckos
  9 orcs
  5 bats
  7 giant cockroaches
  12 goblins
  7 hobgoblins
  6 jackals
  4 kobolds
  2 quokkas
  A jackal skeleton (D:5)
  A leopard gecko skeleton (D:6)
  A quokka zombie (D:6)
  4 rats
97 creatures vanquished.

Notes
Turn   | Place    | Note
-------+----------+-------------------------------------------
     0 | D:1      | diana the Demonspawn Gladiator began the quest for the Orb.
     0 | D:1      | Reached XP level 1. HP: 16/16 MP: 1/1
     0 | D:1      | Noticed a human
     5 | D:1      | Noticed a merfolk zombie
     7 | D:1      | Noticed a gargoyle
    10 | D:1      | Noticed a naga
    12 | D:1      | Noticed a merfolk zombie
    18 | D:1      | Noticed an ogre
   173 | D:1      | Gained mutation: You have a pair of small horns on your
                  | head. [demonic ancestry]
   173 | D:1      | Reached XP level 2. HP: 22/22 MP: 2/2
   206 | D:1      | Reached skill level 3 in Staves
   723 | D:2      | Found a radiant altar of Vehumet.
   764 | D:2      | Gained mutation: You regenerate a little health from kills.
                  | [demonic ancestry]
   764 | D:2      | Reached XP level 3. HP: 23/28 MP: 3/3
   964 | D:2      | Noticed a +0 dagger
   964 | D:2      | Noticed a +0 hand axe
   966 | D:2      | Found a hide-covered altar of Uskayaw.
   978 | D:2      | Reached skill level 1 in Armour
   998 | D:2      | Found a glowing silver altar of Zin.
  1330 | D:2      | Gained mutation: You sometimes gain a little power by
                  | taking damage. [demonic ancestry]
  1330 | D:2      | Reached XP level 4. HP: 34/34 MP: 4/4
  1365 | D:2      | Noticed Sigmund
  1829 | D:2      | Killed Sigmund
  1829 | D:2      | Reached skill level 4 in Staves
  1829 | D:2      | Reached XP level 5. HP: 35/41 MP: 5/5
  1989 | D:3      | Noticed Jessica
  1996 | D:3      | Killed Jessica
  1996 | D:3      | Reached XP level 6. HP: 40/47 MP: 6/6
  2048 | D:3      | Found a shattered altar of Ashenzari.
  2118 | D:3      | Found a hazy altar of Hepliaklqana.
  2118 | D:3      | Found a burning altar of Makhleb.
  2118 | D:3      | Found a sparkling altar of Nemelex Xobeh.
  2154 | D:3      | Noticed Grinder
  2154 | D:3      | Noticed Purgy
  2389 | D:3      | Noticed Terence
  2402 | D:3      | Killed Terence
  2525 | D:3      | Noticed Robin
  2554 | D:3      | Killed Robin
  2753 | D:4      | Found Cusavufa's Food Boutique.
  2984 | D:4      | Noticed Edmund
  3006 | D:4      | Killed Edmund
  3006 | D:4      | Reached skill level 5 in Staves
  3006 | D:4      | Gained mutation: You have a pair of horns on your head.
                  | [demonic ancestry]
  3006 | D:4      | Reached XP level 7. HP: 7/53 MP: 7/7
  3855 | D:5      | Entered Level 5 of the Dungeon
  4401 | D:5      | Found an ornate altar of the Wu Jian Council.
  4535 | D:5      | Noticed Ijyb
  4541 | D:5      | Killed Ijyb
  4541 | D:5      | Reached skill level 6 in Staves
  4541 | D:5      | Gained mutation: You have a pair of large horns on your
                  | head. [demonic ancestry]
  4541 | D:5      | Reached XP level 8. HP: 61/61 MP: 8/8
  4969 | D:6      | Noticed Prince Ribbit
  4979 | D:6      | Killed Prince Ribbit
  5024 | D:6      | Reached skill level 5 in Fighting
  5024 | D:6      | Reached skill level 5 in Dodging
  5116 | D:6      | Noticed Menkaure
  5407 | D:6      | Slain by an orc warrior

Skill      XL: |  1  2  3  4  5  6  7  8 |
---------------+-------------------------+-----
Staves         | 3 4 5 6 |  6.9
Armour         | 1 2 3 4 |  4.2
Dodging        | 3 4 5 |  5.1
Fighting       | 3 4 5 |  5.2
Throwing       | |  1.7

Action                   |  1- 3 |  4- 6 |  7- 9 || total
-------------------------+-------+-------+-------++-------
Melee: Quarterstaff      |    85 |   109 |   164 ||   358
       Headbutt          |    17 |    24 |    50 ||    91
Throw: Throwing net      |       |     1 |       ||     1
  Use: Scroll            |       |     2 |       ||     2
  Eat: Chunk             |     1 |     1 |     4 ||     6
       Ration            |       |     1 |     1 ||     2
Armor: Leather armour    |    27 |     7 |       ||    34
       Chain mail        |       |    35 |    93 ||   128
Dodge: Dodged            |    94 |    52 |    60 ||   206
